 Dungeon Crawl Stone Soup version 0.29.1-2-gbd0b4ee654 (webtiles) character file.

Game seed: 10605079108279170364

4860 funnyparkerb the Nimble (level 10, -9/47 HPs)
             Began as a Felid Summoner on Nov 2, 2022.
             Was an Initiate of Gozag.
             Mangled by Fannar
             ... wielding a +0 quarterstaff of freezing
              (33 damage)
             ... on level 10 of the Dungeon.
             The game lasted 00:46:42 (18030 turns).

funnyparkerb the Nimble (Felid Summoner)           Turns: 18030, Time: 00:46:43

Health: -9/47      AC:  2    Str:  4    XL:     10   Next: 26%
Magic:  18/22      EV: 39    Int: 20    God:    Gozag
Gold:   787        SH:  0    Dex: 18    Spells: 7/24 levels left
                                        Lives:  0   Deaths: 3

rFire   . . .      SeeInvis +   (weapon unavailable)
rCold   . . .      Faith    .   (shield unavailable)
rNeg    . . .      Spirit   .   (body armour unavailable)
rPois   +          Reflect  .   (helmet unavailable)
rElec   .          Harm     .   (cloak unavailable)
rCorr   .          Rampage  .   (gloves unavailable)
Will    +....                   (boots unavailable)
Stlth   ++........              m - amulet of the acrobat
HPRegen 0.15/turn               c - ring of poison resistance
MPRegen 0.18/turn               w - ring of wizardry

@: acrobatic, quick
A: very small, claws 1, fangs 3, see invisible, speed 1, shaggy fur 2, stealthy
paws, no weapons or thrown items, no armour, multi-lived
a: Renounce Religion, Potion Petition, Call Merchant, Bribe Branch


You were on level 10 of the Dungeon.
You worshipped Gozag.
Gozag was pleased with you.
You visited 3 branches of the dungeon, and saw 12 of its levels.

You collected 1030 gold pieces.
You spent 88 gold pieces at shops.
You paid 155 gold pieces to Gozag.

Inventory:

Jewellery
 c - a ring of poison resistance (left paw)
 m - an amulet of the acrobat (around neck)
 q - an amulet of faith
 w - a ring of wizardry (right paw)
 C - a ring of flight
 F - a ring of fire
Wands
 y - a wand of flame (28)
 A - a wand of roots (24)
Scrolls
 b - 4 scrolls of magic mapping
 e - a scroll of blinking
 f - 2 scrolls of enchant armour
 g - 3 scrolls of fear
 i - 5 scrolls of amnesia {unknown}
 j - 5 scrolls of butterflies
 l - 3 scrolls of enchant weapon
 n - 3 scrolls of poison
 o - 4 scrolls of vulnerability
 u - 4 scrolls of teleportation
 D - a scroll of brand weapon
Potions
 a - 3 potions of magic
 d - 3 potions of heal wounds {unknown}
 h - 3 potions of ambrosia {unknown}
 k - 3 potions of curing
 p - 2 potions of degeneration {unknown}
 r - a potion of brilliance
 s - 2 potions of haste {unknown}
 t - 2 potions of attraction
 v - 2 potions of might {unknown}
 x - a potion of mutation {unknown}
 z - 2 potions of resistance {unknown}
 B - a potion of lignification {unknown}
 E - a potion of flight {unknown}


   Skills:
 + Level 7.4 Fighting
 + Level 10.0 Dodging
 - Level 2.6 Stealth
 + Level 7.9 Spellcasting
 - Level 5.0 Hexes
 + Level 9.2 Summonings
 + Level 3.1 Translocations
 + Level 6.4 Air Magic


You had 7 spell levels left.
You knew the following spells:

 Your Spells              Type           Power      Damage    Failure   Level
a - Summon Small Mammal   Summ           100%       N/A       1%          1
b - Call Imp              Summ           45%        N/A       1%          2
c - Call Canine Familiar  Summ           45%        N/A       1%          3
d - Summon Guardian Gole  Hex/Summ       36%        N/A       1%          3
e - Summon Lightning Spi  Summ/Air       39%        N/A       1%          4
f - Passage of Golubria   Tloc           20%        N/A       10%         4

Your spell library contained the following spells:

 Spells                   Type           Power      Damage    Failure   Level
 Ensorcelled Hibernation  Hex/Ice        34%        N/A       1%          2
 Tukima's Dance           Hex            27%        N/A       1%          3
 Magic Dart               Conj           28%        1d4       3%          1
 Mephitic Cloud           Conj/Pois/Air  16%        N/A       4%          3
 Passwall                 Tmut/Erth      5%         N/A       5%          2
 Sublimation of Blood     Necr           7%         N/A       5%          2
 Wereblood                Tmut           7%         N/A       5%          2
 Spider Form              Tmut/Pois      7%         N/A       11%         3
 Anguish                  Hex/Necr       8%         N/A       12%         4
 Dispel Undead            Necr           7%         3d8       32%         4
 Petrify                  Tmut/Erth      7%         N/A       32%         4
 Yara's Violent Unravell  Hex/Tmut       8%         3d5       32%         5
 Summon Hydra             Summ           22%        N/A       52%         7
 Death Channel            Necr           3%         N/A       99%         6
 Corpse Rot               Necr/Pois/Air  Unusable   N/A       N/A         4

Dungeon Overview and Level Annotations

Branches:
Dungeon (10/15)            Temple (1/1) D:7            Lair (1/5) D:9
    Orc: D:9-12

Altars:
Ashenzari
Dithmenos
Elyvilon
Gozag
Hepliaklqana
Kikubaaqudgha
Okawaru
Sif Muna
Trog
Vehumet
Zin
The Shining One

Shops:
D:4 *   D:5 *

Annotations:
D:2 1 runed translucent door, Crazy Yiuf
D:6 2 transporters, ERAB's ghost, amateur DsGl
D:8 4 transporters
D:10 Fannar


Innate Abilities, Weirdness & Mutations

You have sharp claws.
You have razor-sharp teeth.
You have supernaturally acute eyesight. (SInv)
You cover ground quickly. (Speed+)
You are covered in thick fur. (AC +2)
Your paws help you pounce on unaware monsters.
You are incapable of wielding weapons or throwing items.
You cannot wear armour.
You gain extra lives every three experience levels.


Message History

t - Meow!
Orders for allies: a - Attack new target. r - Retreat! s - Stop attacking. g - Guard the area. f - Follow me.
Anything else - Cancel.
Gang up on whom?
Press: ? - help, Dir - move target, f - Fannar
Aim: Fannar, wielding a +0 quarterstaff of freezing, wearing a +1 robe of cold resistance and wearing a ring of ice (ally target) Attack!
Fannar glares icily.
Fannar casts a spell.
Fannar drains the heat from the surrounding environment!
Your guardian golem resists.
Your lightning spire cannot move out of your way!
Your lightning spire cannot move out of your way!
Really attack your lightning spire? [Y]es or [N]o only, please.
Really attack your lightning spire?
You pounce on your helpless lightning spire from behind!
You scratch your lightning spire.
Your lightning spire is lightly damaged.
Your lightning spire disappears in a puff of smoke!
Something hits your guardian golem. Something freezes your guardian golem.
What are your orders? t - Meow!
Orders for allies: a - Attack new target. r - Retreat! s - Stop attacking. g - Guard the area. f - Follow me.
Anything else - Cancel.
Gang up on whom?
Press: ? - help, Dir - move target, f - Fannar
Aim: Fannar, wielding a +0 quarterstaff of freezing, wearing a +1 robe of cold resistance and wearing a ring of ice (ally target) Attack!
Fannar hits your guardian golem with a +0 quarterstaff of freezing.
Fannar freezes your guardian golem.
Fannar casts a spell.
Fannar drains the heat from the surrounding environment!
Ouch! That really hurt!
You die...
Your body crumbles into a pile of gold.

#.....#..# #......#..#...#....
#######..# #......#..#####....
.........# #......#...........
.........# #..#####..........#
.........######..#..............#
.................#..............#
.#########.......'..########....#
.# #.......#..# #....# .#
#......@#..# #....# .#
#######.#..# #....# ## #.#..#
#....# . #9#..# #....# .
......>.e..# #..... .
............... . ...............
. ............... .
###############


You could see Fannar (ally target) and a friendly guardian golem (summoned).

Vanquished Creatures
  An adder (D:6)
  2 orcs
  A bat skeleton (D:9)
  A bat zombie (D:9)
  An endoplasm (D:1)
  A giant cockroach (D:1)
  5 goblins
  A jackal (D:5)
  2 kobolds (D:7)
  2 quokkas (D:2)
  4 ball pythons
  3 bats
  A rat (D:6)
25 creatures vanquished.

Vanquished Creatures (collateral kills)
  Snorg (D:10)
  A boulder beetle (D:10)
  2 death yaks (D:9)
  A kobold demonologist (D:9)
  3 trolls
  2 yaks (D:9)
  2 wyverns
  A wraith (D:9)
  A steam dragon (D:9)
  An ice beast (D:7)
  An orc warrior (D:10)
  A sky beast (D:7)
  2 ogres (D:6)
  2 bullfrogs
  2 kobold brigands (D:7)
  A scorpion (D:10)
  A vampire bat (D:9)
  5 howler monkeys
  A jelly (D:6)
  3 hounds
  2 orc priests
  A gnoll bouda (D:8)
  Natasha (thrice) (D:3)
  5 iguanas
  4 orc wizards
  Terence (D:3)
  An adder (D:6)
  10 gnolls
  A shadow imp (D:5)
  A white imp (D:6)
  An ufetubus (D:6)
  4 worms
  5 dart slugs
  20 orcs
  3 bat skeletons (D:9)
  A bat zombie (D:9)
  7 endoplasms
  3 giant cockroaches
  7 goblins
  3 hobgoblins
  5 jackals
  2 quokkas (D:6)
  2 ball pythons
  4 bats
  4 frilled lizards
  18 kobolds
  3 rats
155 creatures vanquished.

Vanquished Creatures (others)
  3 death yaks (D:9)
  A wyvern (D:8)
  2 yaks (D:9)
  2 water moccasins
  An ice beast (D:6)
  2 orc warriors
  A sky beast (D:7)
  A black bear (D:5)
  An ogre (D:4)
  A centaur (D:9)
  Blork the orc (D:4)
  A kobold brigand (D:7)
  A gnoll sergeant (D:4)
  3 necrophages
  4 wights (D:7)
  A howler monkey (D:7)
  A jelly (D:4)
  2 gnoll boudas
  An iguana (D:4)
  11 gnolls
  2 orcs (D:8)
  2 kobolds
  8 fungi (D:5)
53 creatures vanquished.

Grand Total: 233 creatures vanquished

Notes
Turn   | Place    | Note
-------+----------+-------------------------------------------
     0 | D:1      | funnyparkerb the Felid Summoner began the quest for the
                  | Orb.
     0 | D:1      | Reached XP level 1. HP: 7/7 MP: 4/4
   218 | D:1      | Reached XP level 2. HP: 11/11 MP: 4/6
   308 | D:1      | Learned a level 2 spell: Call Imp
   932 | D:2      | Got the Spellbook of Shapeshifting
  1677 | D:2      | Reached XP level 3. HP: 14/14 MP: 5/8
  1681 | D:2      | Learned a level 3 spell: Call Canine Familiar
  1863 | D:2      | Found a faded altar of an unknown god.
  2049 | D:2      | Found a runed translucent door.
  2050 | D:2      | Noticed Crazy Yiuf
  2533 | D:3      | Identified the +4 whip of Varghupu {freeze, Fly rF- rCorr}
  2549 | D:3      | Noticed Natasha
  2570 | D:3      | Killed Natasha
  2571 | D:3      | Reached skill level 5 in Summonings
  2571 | D:3      | Reached XP level 4. HP: 18/18 MP: 5/9
  2656 | D:3      | Noticed Natasha
  2680 | D:3      | Killed Natasha
  2711 | D:3      | Noticed Natasha
  2721 | D:3      | Killed Natasha
  2722 | D:3      | Reached XP level 5. HP: 16/21 MP: 6/11
  2936 | D:3      | Noticed Terence
  3008 | D:3      | Killed Terence
  3369 | D:3      | Learned a level 3 spell: Summon Guardian Golem
  3525 | D:4      | Noticed Blork the orc
  3545 | D:4      | Mangled by Blork the orc
  3546 | D:4      | Reached XP level 4. HP: -7/18 MP: 7/10
  3600 | D:4      | Reached skill level 3 in Dodging
  3600 | D:4      | Reached skill level 1 in Hexes
  3618 | D:4      | Killed Blork the orc
  3619 | D:4      | Reached skill level 1 in Fighting
  3619 | D:4      | Reached XP level 5. HP: 17/22 MP: 4/12
  3770 | D:4      | Noticed an ogre
  3779 | D:4      | Killed an ogre
  3780 | D:4      | Gained mutation: You are covered in thick fur. (AC +2)
                  | [Felid growth]
  3780 | D:4      | Reached XP level 6. HP: 25/25 MP: 9/13
  3813 | D:4      | Identified the +3 rapier "Erashof" {vorpal, Int+5}
  3926 | D:4      | Found Buoki's General Store.
  3934 | D:4      | Bought a scroll of teleportation for 33 gold pieces
  3934 | D:4      | Bought a scroll of identify for 22 gold pieces
  3934 | D:4      | Bought a potion of curing for 33 gold pieces
  4628 | D:4      | Learned a level 4 spell: Summon Lightning Spire
  4629 | D:5      | Entered Level 5 of the Dungeon
  4874 | D:5      | Noticed a water moccasin
  4899 | D:5      | Found a broken altar of Ashenzari.
  5100 | D:4      | Killed a water moccasin
  5101 | D:4      | Reached skill level 4 in Dodging
  5114 | D:4      | Reached XP level 7. HP: 28/30 MP: 5/14
  5305 | D:5      | Found Tiotov's Assorted Antiques.
  5344 | D:5      | Reached skill level 1 in Air Magic
  7213 | D:5      | Reached skill level 5 in Hexes
  7525 | D:5      | Reached XP level 8. HP: 31/34 MP: 7/16
  7540 | D:5      | Reached skill level 5 in Dodging
  7744 | D:6      | Reached skill level 5 in Spellcasting
  8170 | D:6      | Found a radiant altar of Vehumet.
  8170 | D:6      | Found a glowing golden altar of the Shining One.
  8337 | D:6      | Noticed ERAB's ghost (amateur DsGl)
  8338 | D:6      | Found a transporter.
  8339 | D:6      | Noticed a two-headed ogre
  8342 | D:6      | Found a transporter.
  8778 | D:6      | Identified the +0 mace of the Warrior-Mage {flame, Will+}
  9507 | D:7      | Found a shadowy altar of Dithmenos.
  9593 | D:7      | Reached skill level 6 in Dodging
 10110 | D:7      | Identified the +10 great sword of Plague {flame, Int+2}
 10145 | D:7      | Found a staircase to the Ecumenical Temple.
 10194 | D:7      | Reached XP level 9. HP: 39/39 MP: 15/18
 12121 | D:7      | Reached skill level 7 in Dodging
 12145 | D:7      | Engulfed by a steam dragon's steam
 12146 | D:7      | Reached XP level 8. HP: -1/36 MP: 13/18
 12535 | D:7      | Reached skill level 5 in Fighting
 12803 | D:8      | Found a transporter.
 13424 | D:8      | Found a transporter.
 13989 | D:8      | Found a transporter.
 14008 | D:8      | Found a transporter.
 14125 | Temple   | Entered the Ecumenical Temple
 14194 | Temple   | Became a worshipper of Gozag Ym Sagoz the Greedy
 14449 | D:9      | Noticed a death yak
 14449 | D:9      | Noticed a death yak
 14467 | D:9      | Noticed a death yak
 14498 | D:9      | Killed a death yak
 14499 | D:9      | Reached skill level 8 in Dodging
 14499 | D:9      | Reached XP level 9. HP: 41/41 MP: 8/19
 14503 | D:9      | Noticed a death yak
 14503 | D:9      | Noticed a death yak
 14542 | D:9      | Killed a death yak
 14560 | D:9      | Killed a death yak
 14561 | D:9      | Reached skill level 5 in Air Magic
 14659 | D:9      | Found a staircase to the Lair.
 14707 | D:9      | Killed a death yak
 14708 | D:9      | Reached XP level 10. HP: 46/46 MP: 5/21
 15085 | D:9      | Killed a death yak
 15086 | D:9      | Reached skill level 9 in Dodging
 15848 | D:9      | Found a glowing silver altar of Zin.
 16015 | D:9      | Found an ancient bone altar of Kikubaaqudgha.
 16160 | D:9      | Learned a level 4 spell: Passage of Golubria
 16161 | D:10     | Entered Level 10 of the Dungeon
 16621 | D:9      | Reached skill level 1 in Translocations
 16774 | Lair:1   | Entered Level 1 of the Lair of Beasts
 16832 | D:10     | Noticed Snorg
 17014 | D:10     | Found a bloodstained altar of Trog.
 17225 | D:10     | Noticed a boulder beetle
 17257 | D:10     | Killed a boulder beetle
 17406 | D:10     | HP: 2/47 [wyvern (13)]
 17408 | D:10     | Mangled by a wyvern
 17409 | D:10     | Reached XP level 9. HP: -7/43 MP: 12/21
 17592 | D:10     | Killed Snorg
 17593 | D:10     | Reached skill level 10 in Dodging
 17593 | D:10     | Reached XP level 10. HP: 47/47 MP: 14/22
 18013 | D:10     | Noticed Fannar
 18030 | D:10     | Mangled by Fannar

Illustrated notes

Levels and vault maps discovered:
D:1:      dpeg_arrival_rhombus, layout_rooms, kennysheep_small_spiral,
          dreamdust_wishing_well, minmay_misc_feat_columns
D:2:      minmay_alternating_diamond, layout_rooms,
          shapermc_ecumenical_altar_starsandcircs, minmay_hexomino_c4,
          uniq_crazy_yiuf_cottage
D:3:      layout_basic, uniq_natasha, uniq_terence
D:4:      layout_basic, serial_shops, shop, minmay_misc_feat_roman,
          minmay_crystal_water, hangedman_decor_opposing, uniq_blork_the_orc
D:5:      layout_layer_cave, general_overflow_altar, serial_shops,
          nicolae_shop_hallway_plus, reono_crystal_passage,
          minmay_misc_feat_tiny, dreamdust_gnoll_farm
D:6:      layout_basic, jmf_multi_god_temple, gammafunk_ghost_smash,
          gup_sewer_entry_spiral
D:7:      layout_loops_ring, mainiacjoe_overflow_surrounded_room,
          minmay_temple_entry_from_below_b, enter_ossuary_1
D:8:      layout_cave_pools, nicolae_transporter_circle
D:9:      layout_grid_maze, mainiacjoe_overflow_small_starburst,
          kennysheep_vampire_church, dpeg_lair_monsters
D:10:     layout_irregular_city, trog_butcher_becter, enter_bailey_5,
          minivault_25, uniq_snorg, uniq_fannar
Temple:   regret_index_temple_generic_petals
Lair:1:   layout_cave_pods, eino_small_chamber_without_monster,
          small_statue_intersection, grunt_megastairs_5

Skill      XL: |  1  2  3  4  5  6  7  8  9 10 |
---------------+-------------------------------+-----
Spellcasting   | 3 4 5 7 |  7.9
Summonings     | 5 6 8 9 |  9.2
Dodging        | 3 4 8 10 9 | 10.0
Hexes          | 1 2 3 5 |  5.0
Fighting       | 1 2 3 5 6 7 |  7.4
Air Magic      | 1 4 5 6 |  6.4
Translocations | 3 |  3.1
Stealth        | |  2.6

Action                   |  1- 3 |  4- 6 |  7- 9 | 10-12 || total
-------------------------+-------+-------+-------+-------++-------
Melee: Unarmed           |    57 |     8 |    45 |     8 ||   118
       Bite              |     3 |       |     5 |       ||     8
       Punch             |     1 |       |     1 |       ||     2
 Cast: Summon Small Mamm |    23 |       |     1 |     4 ||    28
       Call Imp          |    10 |     6 |     7 |       ||    23
       Call Canine Famil |     3 |    22 |    84 |    11 ||   120
       Summon Guardian G |       |    11 |    68 |    20 ||    99
       Summon Lightning  |       |       |     5 |    22 ||    27
  Use: Scroll            |       |     9 |     4 |     3 ||    16
 Stab: Distracted        |     1 |       |       |     1 ||     2
       Sleeping          |     2 |     1 |       |       ||     3
       Betrayed ally     |       |       |       |     1 ||     1
Armor: Skin              |     3 |     3 |     8 |     4 ||    18
Dodge: Dodged            |    76 |    60 |   352 |    80 ||   568
